Map: Fields of Death

Players

jhb - Winner!

  • Race: Zerg Zerg

Sengjoon - Winner!

  • Race: Terran Terran
  • League: Gold

Edwood

  • Race: Protoss Protoss
  • League: Silver

iTzDeath

  • Race: Terran Terran

VOD

Have the link to the VOD?

Description

Time

  • Played on: May 17, 2016, 3:20 p.m.
  • Length: 8:16
Show
View Real Time Build Order
Export as new Build Order

jhb Zerg - Winner!

Build Orders: Hatch First 

Get SALT Encoding   

  12  0:01  Drone  
  13  0:08  Drone  
  14  0:36  Hatchery  
  14  0:39  Drone  
  14  0:56  Spawning Pool  
  13  0:59  Drone  
  14  1:06  Overlord  
  14  1:12  Extractor  
  14  1:13  Drone  
  14  1:26  Drone x2  
  14  1:31  Drone  
  17  1:42  Drone  
  17  1:44  Queen  
  20  1:50  Drone  
  21  1:55  Drone  
  21  1:59  Drone  
  23  2:06  Overlord  
  23  2:17  Drone  
  23  2:20  Queen  
  23  2:21  Drone  
  27  2:27  Metabolic Boost  
  27  2:34  Zergling x4  
  29  2:40  Drone  
  29  2:41  Drone  
  29  2:44  Evolution Chamber  
  30  2:49  Spore Crawler  
  30  2:51  Drone  
  30  2:55  Drone  
  30  2:56  Drone  
  30  2:58  Drone  
  33  3:10  Zergling x2  
  33  3:11  Zergling x4  
  36  3:18  Overlord x2  
  36  3:24  Spore Crawler  
  36  3:27  Zergling x2  
  36  3:34  Overlord  
  36  3:40  Zerg Melee Weapons Level 1  
  36  3:42  Zergling x8  
  40  3:55  Zergling x2  
  41  3:56  Lair  
  41  4:02  Drone x5  
  46  4:13  Zergling x8  
  50  4:27  Drone  
  50  4:28  Drone x3  
  50  4:29  Extractor  
  53  4:34  Drone  
  53  4:36  Extractor  
  53  4:37  Drone x2  
  55  4:40  Zergling x8  
  53  5:19  Zergling x2  
  53  5:20  Zergling x10  
  59  5:22  Overlord x2  
  59  5:42  Zergling x8  
  63  5:50  Hatchery  
  62  6:06  Zergling x8  
  62  6:09  Zergling x2  
  67  6:12  Zergling x8  
  55  7:00  Zergling x2  
  55  7:01  Zergling x20  
  56  7:05  Spire  
  59  7:12  Overlord  
  59  7:16  Extractor  
  59  7:21  Drone x3  
  61  7:35  Drone x6  
  67  7:46  Drone  
  67  7:47  Drone x7  
Show
View Real Time Build Order
Export as new Build Order

Sengjoon Terran - Winner!

Build Orders: MMM Bio 

Get SALT Encoding   

  12  0:01  SCV  
  13  0:13  SCV  
  14  0:19  Supply Depot  
  14  0:25  SCV  
  15  0:41  SCV  
  15  0:42  Barracks  
  16  0:56  Barracks  
  16  0:58  SCV  
  17  1:10  SCV  
  18  1:17  Refinery  
  18  1:19  Refinery  
  18  1:24  SCV  
  19  1:35  Supply Depot  
  19  1:36  Orbital Command  
  19  1:47  Marine  
  19  1:48  Marine  
  21  2:03  Factory  
  21  2:05  Marine  
  21  2:06  SCV  
  23  2:18  SCV  
  23  2:22  Barracks Tech Lab  
  24  2:23  Marine  
  25  2:30  SCV  
  26  2:41  Supply Depot  
  26  2:48  Starport  
  26  2:49  Marine, Stimpack  
  26  2:50  Marine  
  28  3:07  Marine, Widow Mine  
  31  3:19  Engineering Bay, Marine  
  32  3:26  Supply Depot  
  32  3:30  Medivac  
  34  3:40  SCV  
  35  3:52  SCV  
  36  4:01  Command Center  
  36  4:04  Starport Reactor  
  36  4:05  Factory Tech Lab  
  36  4:23  Marine  
  37  4:25  Siege Tank  
  37  4:28  Supply Depot  
  37  4:30  Marauder  
  42  4:41  Marine  
  43  4:50  Combat Shields  
  42  5:04  Liberator  
  42  5:06  Siege Tank  
  43  5:12  Marine  
  43  5:13  Orbital Command  
  44  5:15  SCV  
  44  5:16  Refinery  
  45  5:24  Barracks  
  45  5:28  Marauder  
  50  5:29  Marine  
  51  5:37  SCV  
  51  5:40  Barracks  
  52  5:46  Widow Mine  
  52  5:49  Marine x2  
  54  6:06  SCV  
  54  6:07  Marine x2  
  54  6:10  Refinery  
  57  6:13  SCV  
  57  6:18  Concussive Shells  
  58  6:19  Marine  
  58  6:24  Marine x2  
  61  6:36  Marine  
  62  6:40  SCV  
  62  6:41  Marine  
  62  6:42  Marine  
  62  6:43  Marauder  
  67  6:47  Supply Depot  
  67  6:51  Supply Depot  
  67  6:52  Armory  
  67  7:04  Marauder  
  68  7:20  Marine x2  
  68  7:21  Marine  
  68  7:26  Marauder  
  69  7:31  SCV  
  67  7:38  Marine x2  
  67  7:39  Marine  
  66  7:47  Marauder  
  71  7:56  Marine x3  
Show
View Real Time Build Order
Export as new Build Order

Edwood Protoss 

Build Orders: 1 Gate Expand 

Get SALT Encoding   

  12  0:02  Probe (Chrono Boost)  
  13  0:13  Probe (Chrono Boost)  
  14  0:19  Pylon  
  14  0:23  Probe (Chrono Boost)  
  15  0:37  Probe (Chrono Boost)  
  15  0:39  Gateway  
  16  0:46  Assimilator  
  16  0:51  Probe (Chrono Boost)  
  17  1:01  Probe (Chrono Boost)  
  18  1:12  Probe (Chrono Boost)  
  19  1:31  Probe (Chrono Boost)  
  19  1:34  Nexus  
  19  1:42  Probe (Chrono Boost), Cybernetics Core  
  20  1:52  Probe (Chrono Boost)  
  20  1:53  Assimilator  
  21  2:03  Probe (Chrono Boost)  
  22  2:11  Pylon  
  23  2:19  Warp Gate (Chrono Boost)  
  22  2:28  Gateway  
  22  2:31  Gateway  
  22  2:34  Mothership Core  
  24  2:41  Adept  
  26  2:55  Probe  
  27  3:05  Probe  
  27  3:07  Probe  
  29  3:15  Probe, Gateway  
  30  3:20  Probe  
  30  3:25  Pylon  
  31  3:36  Robotics Facility  
  31  3:44  Probe  
  31  3:45  Probe  
  33  4:15  Stalker x4  
  41  4:20  Probe  
  41  4:22  Probe  
  41  4:24  Pylon  
  43  4:26  Observer  
  44  4:33  Probe  
  44  4:34  Probe  
  46  4:38  Stalker  
  46  4:40  Stalker  
  50  4:46  Warp Prism  
  43  5:07  Stalker x4  
  51  5:28  Twilight Council  
  51  5:35  Probe  
  51  5:37  Probe  
  51  5:38  Stalker  
  51  5:39  Stalker x2  
  59  5:46  Stalker  
  61  6:12  Pylon  
  61  6:16  Charge (Chrono Boost), Pylon  
  61  6:31  Gateway  
  61  6:34  Gateway  
  35  6:48  Stalker x4  
  41  7:15  Zealot x4  
  35  7:38  Stalker x4  
Show
View Real Time Build Order
Export as new Build Order

iTzDeath Terran 

Build Orders: Mech 

Get SALT Encoding   

  12  0:01  SCV  
  13  0:13  SCV  
  14  0:23  Supply Depot  
  14  0:25  SCV  
  15  0:45  Supply Depot, SCV  
  16  0:57  Barracks, SCV  
  17  1:02  Refinery  
  17  1:10  SCV  
  18  1:22  SCV  
  19  1:27  Supply Depot  
  19  1:34  Refinery, SCV  
  20  1:47  Barracks  
  20  1:48  Supply Depot  
  20  1:49  SCV  
  21  2:01  SCV  
  21  2:02  Barracks Tech Lab  
  22  2:13  SCV  
  23  2:16  Supply Depot  
  23  2:22  Engineering Bay  
  23  2:25  SCV  
  23  2:27  Marine  
  25  2:41  Orbital Command  
  25  2:46  Marine  
  26  3:14  Marine  
  28  3:21  SCV  
  28  3:26  Command Center  
  29  3:31  Barracks Reactor  
  29  3:33  Stimpack  
  28  3:35  Terran Infantry Weapons Level 1  
  28  3:36  SCV  
  29  3:51  SCV  
  30  4:00  Command Center  
  30  4:04  SCV  
  31  4:14  Marine x2  
  33  4:23  Marine  
  34  4:25  SCV  
  35  4:32  Marine, Supply Depot  
  35  4:35  Factory  
  36  4:40  Factory  
  29  5:11  SCV  
  30  5:28  SCV  
  30  5:29  Refinery  
  30  5:34  Missile Turret  
  29  5:54  Missile Turret  
  29  6:08  Terran Infantry Armor Level 1  
  29  6:14  Missile Turret  
  29  6:18  Orbital Command  
  29  6:21  SCV  
  29  6:22  Factory Tech Lab x2  
  30  6:26  Factory  
  30  6:27  Marine x2  
  30  6:28  Marine  
  33  6:45  Marine x2  
  35  6:48  Marine  
  35  6:53  Siege Tank  
  42  6:54  Siege Tank  
  40  7:03  Marine x2  
  40  7:06  Marine  
  38  7:18  Factory Tech Lab  
  38  7:20  SCV  
  38  7:21  Marine x2  
  36  7:32  Marine, SCV  
  38  7:39  Marine x2  
  38  7:44  SCV  
  41  7:49  Marine, SCV  
  41  7:51  SCV  
  44  7:56  Marine, SCV  
  46  8:01  SCV  
  46  8:03  SCV  
Tags
 
Add a new tag
Caveats
  • Supply blocks, unpowered buildings, or Contaminate may cause inaccurate times.
  • Supply counts are checked every 10 seconds.